 Dungeon Crawl Stone Soup version 0.31-a0-1008-g5b978da (webtiles) character file.

Game seed: 1102019328652438536

602 frigate the Chopper (level 7, 61/61 HPs)
             Began as a Minotaur Berserker on Nov 12, 2023.
             Was a Priest of Trog.
             Quit the game on level 4 of the Dungeon.
             The game lasted 00:07:46 (3380 turns).

frigate the Chopper (Minotaur Berserker)            Turns: 3380, Time: 00:07:47

Health: 61/61      AC:  7    Str: 23    XL:     7   Next: 18%
Magic:  6/6        EV: 11    Int:  4    God:    Trog [***...]
Gold:   81         SH:  0    Dex: 10    Spells: 6/6 levels left

rFire   . . .        n - +1 war axe (freeze)
rCold   . . .        (no shield)
rNeg    . . .        e - +0 ring mail
rPois   .            (helmet restricted)
rElec   .            c - +0 cloak
rCorr   +            (no gloves)
SInv    .            (no boots)
Will    +....        (no amulet)
Stlth   +            d - ring of resist corrosion
HPRegen 0.30/turn    b - ring of willpower
MPRegen 0.10/turn

%: no passive effects
@: no status effects
A: horns 2, retaliatory headbutt, hooves 1, MP-powered wands, devolution 1
a: Renounce Religion, Berserk, Trog's Hand


You were on level 4 of the Dungeon.
You worshipped Trog.
Trog was most pleased with you.
You visited 1 branch of the dungeon, and saw 4 of its levels.

You collected 81 gold pieces.

Inventory:

Hand Weapons
 n - a +1 war axe of freezing (weapon)
Missiles
 a - 3 poisoned darts
 k - 3 boomerangs
Armour
 c - a +0 cloak (worn)
 e - a +0 ring mail (worn)
Jewellery
 b - a ring of willpower (right hand)
 d - a ring of resist corrosion (left hand)
Wands
 g - a wand of flame (7)
 i - a wand of roots (10)


   Skills:
 + Level 5.5 Fighting
 + Level 7.8 Axes
 + Level 4.8 Armour
 - Level 2.1 Dodging
 + Level 0.8 Stealth


You had 6 spell levels left.
You didn't know any spells.
Your spell library was empty.

Dungeon Overview and Level Annotations

Branches:
Dungeon (4/15)
 Temple: D:4-7

Altars:
Elyvilon
Hepliaklqana
Ru
Trog
The Shining One


Innate Abilities, Weirdness & Mutations

You have a pair of horns on your head.
You reflexively headbutt those who attack you in melee.
You have large cloven feet.
You expend magic power (3 MP) to strengthen your wands.
You have hidden genetic defects.


Message History

No target in view!
No target in view!
No target in view!
No target in view!
a - 3 poisoned darts You see here a +0 dagger.
Found a stone staircase leading down.
There is a stone staircase leading down here.
There is a stone staircase leading down here.
You see here a +0 dagger.
Things that are here:
a +0 hand axe; a +0 leather armour; a +0 flail
Things that are here:
a +0 dagger; a +0 robe Key pressed, stopping explore.
You see here an adder skeleton.
You see here a +0 cloak.
Done exploring.
Done exploring.
Done exploring.
Done exploring.
Done exploring.
Done exploring.
The air fills with toxic fumes!
As you read the scroll labelled YCVUJE CUYFF, it crumbles to dust.
It was a scroll of poison.
You start waiting.
Done waiting.
As you read the scroll labelled WOULUK TUMY, it crumbles to dust.
You feel strangely unstable.
It was a scroll of teleportation.
You start waiting.
Your surroundings suddenly seem different.
It was a potion of cancellation.
You feel magically purged.
It was a potion of curing.
You feel better.
It was a potion of mutation.
You feel extremely strange.
You feel a hidden malignance growing inside you.
You feel your magical essence link to the dungeon's wands.
Your feet thicken and deform.
You aren't carrying any potions.
Are you sure you want to abandon this character and quit the game? (Confirm with "yes".)

###.........#
............#
....).......#
....รท####...## #..###
##...# #### ##..##
#.## ##..## ##########
## ...##
#...#####........####.
....##
##...@...))...........
.....#
##......))...........
###..##
############...##### #
##..## ##### ##..###
##...## ##...##
##...## # ##...## #


There were no monsters in sight!

Vanquished Creatures
  Menkaure (D:4)
  A kobold brigand (D:4)
  An orc priest (D:4)
  2 iguanas (D:4)
  Natasha (twice) (D:3)
  4 orc wizards
  8 adders
  A worm (D:3)
  8 orcs
  2 bats (D:2)
  8 endoplasms
  2 giant cockroaches (D:3)
  10 goblins
  11 hobgoblins
  2 jackals (D:2)
  8 kobolds
  3 quokkas
  11 ball pythons
  2 frilled lizards
  5 rats
92 creatures vanquished.

Notes
Turn   | Place    | Note
-------+----------+-------------------------------------------
     0 | D:1      | frigate the Minotaur Berserker began the quest for the Orb.
     0 | D:1      | Reached XP level 1. HP: 19/19 MP: 0/0
   284 | D:1      | Reached skill level 4 in Axes
   284 | D:1      | Reached XP level 2. HP: 21/27 MP: 1/1
   672 | D:1      | Reached ** piety under Trog
   806 | D:1      | Reached XP level 3. HP: 32/34 MP: 2/2
  1095 | D:2      | Found a sacrificial altar of Ru.
  1217 | D:2      | Reached XP level 4. HP: 41/41 MP: 3/3
  1239 | D:2      | Reached skill level 5 in Axes
  1257 | D:2      | Found a faded altar of an unknown god.
  1431 | D:3      | Noticed Natasha
  1437 | D:3      | Killed Natasha
  1496 | D:3      | Found a glowing golden altar of the Shining One.
  1552 | D:3      | Found a white marble altar of Elyvilon.
  1576 | D:3      | Reached *** piety under Trog
  1586 | D:3      | Reached XP level 5. HP: 47/47 MP: 4/4
  1605 | D:3      | Reached skill level 5 in Fighting
  1727 | D:3      | Found a bloodstained altar of Trog.
  1727 | D:3      | Found a hazy altar of Hepliaklqana.
  1982 | D:3      | Noticed Natasha
  1989 | D:3      | Killed Natasha
  1990 | D:3      | Reached skill level 6 in Axes
  2505 | D:4      | Noticed Menkaure
  2516 | D:4      | Killed Menkaure
  2517 | D:4      | Reached skill level 7 in Axes
  2517 | D:4      | Reached XP level 6. HP: 25/56 MP: 5/5
  2930 | D:4      | Reached XP level 7. HP: 7/61 MP: 6/6
  3379 | D:4      | Gained mutation: You have hidden genetic defects. [potion
                  | of mutation]
  3379 | D:4      | Gained mutation: You expend magic power (3 MP) to
                  | strengthen your wands. [potion of mutation]
  3379 | D:4      | Gained mutation: You have large cloven feet. [potion of
                  | mutation]
  3380 | D:4      | Quit the game

Illustrated notes

Levels and vault maps discovered:
D:1:      minmay_arrival_semitransparent, layout_basic
D:2:      layout_basic, nicolae_ecumenical_snake_handling, basic_altar,
          chequers_jeans
D:3:      layout_rooms, mainiacjoe_overflow_large_starburst,
          mainiacjoe_overflow_catch_the_wave, uniq_natasha
D:4:      layout_layer_cave, wad_floor_pattern_untrapped,
          grunt_decor_one_mirror, corexii_shack, uniq_menkaure

Skill      XL: |  1  2  3  4  5 |
---------------+----------------+-----
Fighting       | 4 5 |  5.5
Axes           | 4 5 7 |  7.8
Armour         | 3 4 |  4.8
Dodging        | |  2.1
Stealth        | |  0.8

Action                     |  1- 3 |  4- 6 |  7- 9 || total
---------------------------+-------+-------+-------++-------
  Melee: Hand axe          |    82 |   131 |       ||   213
         Headbutt          |    11 |    22 |     1 ||    34
         Punch             |     1 |     3 |     1 ||     5
         War axe           |       |       |     2 ||     2
    Use: Scroll            |     2 |     2 |     2 ||     6
         Potion            |       |       |     3 ||     3
 Armour: Animal skin       |    31 |       |       ||    31
         Ring mail         |    12 |    86 |     1 ||    99
  Dodge: Dodged            |    41 |    64 |     1 ||   106

Table legend: (Time is in decaauts)
 A = Elapsed time spent in this place.
 B = Non-inter-level travel time spent in this place.
 C = Inter-level travel time spent in this place.
 D = Time resting spent in this place.
 E = Time spent auto-exploring this place.
 F = Levels seen in this place.
 G = Mean time per level.
                   A        B        C        D        E       F      G
               +--------+--------+--------+--------+--------+-----+--------+
         Total |   3384 |   3264 |    120 |    366 |   2347 |   4 |  846.0 |
       Dungeon |   3384 |   3264 |    120 |    366 |   2347 |   4 |  846.0 |
               +--------+--------+--------+--------+--------+-----+--------+

Top non-repeatable levels by time:
     D:4: 1294 daAuts
     D:1: 858 daAuts
     D:3: 650 daAuts
     D:2: 580 daAuts
